 Dungeon Crawl Stone Soup version 0.32-a0-132-g2d33c3cfaf (webtiles) character file.

Game seed: 14213673975494251378

91 Dirtsage the Changeling (level 4, -13/29 HPs)
             Began as an Octopode Shapeshifter on Feb 9, 2024.
             Mangled by an ogre
             ... wielding a +0 giant club
              (30 damage)
             ... on level 4 of the Dungeon.
             The game lasted 00:03:40 (1814 turns).

Dirtsage the Changeling (Octopode Shapeshifter)     Turns: 1814, Time: 00:03:40

Health: -13/29     AC:  1    Str: 13    XL:     4   Next: 57%
Magic:  4/4        EV: 13    Int: 12    God:
Gold:   88         SH:  0    Dex: 13    Spells: 3/3 levels left

rFire   . .          .
                       - Unarmed
rCold   . . .        (no shield)
rNeg    . . .        (helmet currently unavailable)
rPois   .            (no amulet)
rElec   .            S - ring of see invisible
rCorr   .            (no ring)
SInv    +            (no ring)
Will    .....        (no ring)
Stlth   ++           (no ring)
HPRegen 0.24/turn    (no ring)
MPRegen 0.09/turn    (no ring)
                     (no ring)

%: no passive effects
@: beast-form
A: beast (slay +2), almost no armour, amphibious, 8 rings, camouflage 1,
gelatinous body 1, (nimble swimmer 1), tentacles
a: Begin Untransformation


You were on level 4 of the Dungeon.
You were a hulking beast.
You visited 1 branch of the dungeon, and saw 5 of its levels.

You collected 88 gold pieces.

Inventory:

Missiles
 h - a throwing net (quivered)
Jewellery
 q - the amulet "Ysked" {RegenMP *Corrode rC+ Int+2 SInv}
   (You found it on level 4 of the Dungeon)

   [amulet of magic regeneration]

   RegenMP:   It increases your rate of magic regeneration.
   Int+2:     It affects your intelligence (+2).
   rC+:       It protects you from cold.
   SInv:      It lets you see invisible.
   *Corrode:  It may corrode you when you take damage.
 S - a ring of see invisible (left tentacle)
Talismans
 b - a beast talisman
 c - a flux talisman
Scrolls
 d - 3 scrolls of teleportation {unknown}
 e - a scroll of blinking {unknown}
 i - 2 scrolls of vulnerability {unknown}
 j - a scroll of noise {unknown}
 k - a scroll of revelation {unknown}
 o - a scroll of fog {unknown}
Potions
 a - a potion of lignification
 f - 2 potions of curing {unknown}
 g - a potion of ambrosia {unknown}
 l - a potion of berserk rage {unknown}
 m - a potion of heal wounds {unknown}
 n - a potion of haste {unknown}
 p - 2 potions of attraction {unknown}


   Skills:
 + Level 2.0 Fighting
 + Level 2.7 Dodging
 + Level 3.5 Unarmed Combat
 * Level 3.8 Shapeshifting


You had 3 spell levels left.
You didn't know any spells.
Your spell library was empty.

Dungeon Overview and Level Annotations

Branches:
Dungeon (5/15)
 Temple: D:4-7

Altars:
Uskayaw


Innate Abilities, Weirdness & Mutations

You are a hulking beast.
Your limbs bulge with bestial killing power. (Slay +2)
You cannot wear most types of armour.
You are amphibious.
You can wear up to eight rings at the same time.
Your skin changes colour to match your surroundings (Stealth+).
Your rubbery body absorbs attacks. (AC +1, EV +1)
((You are camouflaged when in or above water. (Stealth+)))
You have tentacles for arms and can constrict up to eight enemies at once.


Message History

Press: ? - help, v - describe, . - travel The floor.
A phantom comes into view.
p - 2 bubbling black potions You now have 88 gold pieces (gained 8).
q - the amulet "Ysked" {RegenMP *Corrode rC+ Int+2 SInv} A ribbon worm comes into view.
Found a stone staircase leading down.
The ribbon worm bites you.
You take 5 damage, and have 24/29 hp.
You tentacle-slap the ribbon worm. You grab the ribbon worm.
The ribbon worm is lightly wounded.
You constrict the ribbon worm. The ribbon worm misses you.
You tentacle-slap the ribbon worm. You squeeze the ribbon worm.
The ribbon worm is heavily wounded.
You constrict the ribbon worm, but do no damage.
The ribbon worm expels a string of sticky webbing.
The stream of webbing hits you but does no damage.
You are caught in a web!
The web tears apart.
You constrict the ribbon worm. You tentacle-slap the ribbon worm.
You squeeze the ribbon worm.
You kill the ribbon worm!
f - 2 dark potions (gained 1)
There is a stone staircase leading down here.
You open the door.
There is an open door here.
An ogre comes into view. It is wielding a +0 giant club.
The ogre shouts!
Health restored: 29
Okay, then.
There is a stone staircase leading down here.
You climb downwards.
Found a stone staircase leading down.
There is a stone staircase leading up here.
The centaur wields a +0 orcbow.
The centaur shoots an arrow.
The arrow hits you!
The jelly quivers.
You climb upwards.
The ogre hits you with a +0 giant club!!
Ouch! That really hurt!
You die...

### .. #. ##############
######.#### #............#
..........####.....######.#####
.............Oh....# #.........
##........####.....# #.##.####.
#.....##.# #.#'### #.##.#
#..... #.####.#.# #.##.# #.....
#........# #.##.# .......
#........#####.##.# .......
#........##.##.##.##
....###..........##.##.##..#
.... ###..................###.


You could see an ogre.

Vanquished Creatures
  2 adders
  3 dart slugs
  3 ribbon worms
  4 orcs
  6 bats
  3 endoplasms (D:2)
  3 giant cockroaches
  4 goblins
  3 hobgoblins
  2 jackals (D:4)
  2 quokkas
  10 ball pythons
  2 frilled lizards
  5 kobolds
  A rat (D:2)
53 creatures vanquished.

Notes
Turn   | Place    | Note
-------+----------+-------------------------------------------
     0 | D:1      | Dirtsage the Octopode Shapeshifter began the quest for the
                  | Orb.
     0 | D:1      | Reached XP level 1. HP: 13/13 MP: 1/1
   126 | D:1      | Reached XP level 2. HP: 9/18 MP: 2/2
   700 | D:2      | Reached XP level 3. HP: 23/23 MP: 3/3
  1249 | D:3      | Reached XP level 4. HP: 22/29 MP: 4/4
  1369 | D:3      | Found a hide-covered altar of Uskayaw.
  1707 | D:4      | Noticed a phantom
  1746 | D:4      | Identified the amulet "Ysked" {RegenMP *Corrode rC+ Int+2
                  | SInv}
  1802 | D:4      | Noticed an ogre
  1812 | D:5      | Entered Level 5 of the Dungeon
  1812 | D:5      | Noticed a centaur
  1814 | D:4      | Mangled by an ogre

Illustrated notes

Levels and vault maps discovered:
D:1:      amcnicky_arrival_flooded_fountain, layout_basic
D:2:      minmay_angry_zag, layout_rooms
D:3:      layout_rooms, mainiacjoe_overflow_alcove_2, kennysheep_small_spiral,
          minivault_25
D:4:      layout_basic, grunt_temple_overflow_cloverleaf
D:5:      layout_basic, mainiacjoe_overflow_six_doors_small, zin_purify,
          gammafunk_ghost_necromancy, nicolae_letterblocks
          [nicolae_letter_subblock, nicolae_letter_subblock,
          nicolae_letter_subblock, nicolae_letter_subblock,
          nicolae_letter_subblock, nicolae_letter_subblock,
          nicolae_letter_subblock, nicolae_letter_subblock,
          nicolae_letter_subblock, nicolae_letter_subblock,
          nicolae_letter_subblock, nicolae_letter_subblock,
          nicolae_letter_subblock, nicolae_letter_subblock,
          nicolae_letter_subblock, nicolae_letter_subblock,
          nicolae_letter_subblock, nicolae_letter_subblock,
          nicolae_letter_subblock, nicolae_letter_subblock,
          nicolae_letter_subblock, nicolae_letter_subblock,
          nicolae_letter_subblock, nicolae_letter_subblock,
          nicolae_letter_subblock]

Skill      XL: |  1  2  3  4 |
---------------+-------------+-----
Fighting       | 2 |  2.0
Dodging        | |  2.7
Unarmed Combat | |  3.5
Shapeshifting  | |  3.8

Action                     |  1- 3 |  4- 6 || total
---------------------------+-------+-------++-------
  Melee: Unarmed           |    70 |    28 ||    98
         Constrict         |    17 |     9 ||    26
         Tentacles         |    16 |     6 ||    22
         Punch             |     3 |     1 ||     4
   Stab: Sleeping          |     4 |     4 ||     8
 Armour: Skin              |    30 |     8 ||    38
  Dodge: Dodged            |    32 |    18 ||    50

Table legend: (Time is in decaauts)
 A = Elapsed time spent in this place.
 B = Non-inter-level travel time spent in this place.
 C = Inter-level travel time spent in this place.
 D = Time resting spent in this place.
 E = Time spent auto-exploring this place.
 F = Levels seen in this place.
 G = Mean time per level.
                   A        B        C        D        E       F      G
               +--------+--------+--------+--------+--------+-----+--------+
         Total |   1806 |   1727 |     79 |      0 |   1410 |   5 |  361.2 |
       Dungeon |   1806 |   1727 |     79 |      0 |   1410 |   5 |  361.2 |
               +--------+--------+--------+--------+--------+-----+--------+

Top non-repeatable levels by time:
     D:1: 616 daAuts
     D:2: 595 daAuts
     D:3: 402 daAuts
     D:4: 190 daAuts
     D:5: 1 daAuts
